 Dungeon Crawl Stone Soup version 0.29-a0-563-g64e4043184 (webtiles) character file.

Game seed: 17383376008881084008

63 spaghetti the Ruffian (level 3, -1/29 (30) HPs)
             Began as a Demonspawn Berserker on June 12, 2022.
             Was a Follower of Trog.
             Slain by an endoplasm (2 damage)
             ... on level 3 of the Dungeon.
             The game lasted 00:02:35 (3049 turns).

spaghetti the Ruffian (Demonspawn Berserker)        Turns: 3049, Time: 00:02:36

HP:   -1/29 (30)    AC:  2    Str: 19    XL:     3   Next: 87%
MP:   3/3           EV: 12    Int:  8    God:    Trog [*.....]
Gold: 149           SH:  0    Dex: 12    Spells: 2/2 levels left

rFire   . . .      SeeInvis .     - Unarmed
rCold   . . .      Faith    .   (no shield)
rNeg    . . .      Spirit   .   a - +0 animal skin
rPois   .          Reflect  .   (helmet restricted)
rElec   .          Harm     .   (no cloak)
rCorr   .          Rampage  .   (no gloves)
Will    .....                   (no boots)
Stlth   +.........              (no amulet)
HPRegen 0.09/turn               (no ring)
MPRegen 0.08/turn               (no ring)

@: mighty, lightly drained
A: antennae 1
a: Renounce Religion, Berserk


You were on level 3 of the Dungeon.
You worshipped Trog.
Trog was aware of your devotion.
You visited 1 branch of the dungeon, and saw 3 of its levels.

You collected 149 gold pieces.


Innate Abilities, Weirdness & Mutations

You have a pair of small antennae on your head.


   Skills:
 + Level 3.8 Fighting
 - Level 1.7 Armour
 - Level 1.7 Dodging
 * Level 3.8 Unarmed Combat


You had 2 spell levels left.
You didn't know any spells.
Your spell library was empty.

Inventory:

Hand Weapons
 g - a +0 club {mace}
   (You took it off a kobold on level 1 of the Dungeon)
 h - a +0 flail {mace}
   (You found it on level 1 of the Dungeon)
 i - a +0 club {mace}
   (You took it off a goblin on level 1 of the Dungeon)
Missiles
 d - 103 stones (quivered) {throwing}
 m - 2 poisoned darts {throwing}
 r - 8 boomerangs {throwing}
Armour
 a - a +0 animal skin (worn)
Wands
 e - a wand of charming (1)
   (You took it off a hobgoblin on level 3 of the Dungeon)
Scrolls
 b - a scroll of vulnerability {unknown}
 f - 4 scrolls of identify {unknown}
 j - 2 scrolls of enchant armour {unknown}
 l - a scroll of acquirement {unknown}
 n - a scroll of teleportation {unknown}
 s - a scroll of magic mapping {unknown}
 t - a scroll of immolation {unknown}
Potions
 c - a potion of flight {unknown}
 k - a potion of might
 o - a potion of mutation {unknown}
 p - a potion of lignification {unknown}
 q - a potion of cancellation {unknown}

Dungeon Overview and Level Annotations

Branches:
Dungeon (3/15)

Altars:

...> .... . #### .... ..
.#.. .... ... #... ....
.... ##..# .... .....##
#..########....
#.....J###.###..........
#S@....#...........
#w.................
......................
.......................
........................
........................
###..#......#...[.......
#.......#.............
..#...).####>..####.##


You could see a worm, an adder and an endoplasm.


Message History

You feel yourself moving faster!
You feel mighty!
The hobgoblin barely misses you. 😎 HP[+14]
You now have 43 max hp (+14).
Your hp is fully restored (43).
You closely miss the hobgoblin. You barely miss the hobgoblin.
The hobgoblin zaps a wand.
Your will is overpowered!
You are confused.
You hit the hobgoblin.
You kill the hobgoblin!
Trog accepts your kill.
You start waiting.
You feel a strong urge to attack something.
Unknown command.
Unknown command.
Unknown command.
You start waiting.
You are no longer berserk.
You are exhausted.
You feel yourself slow down. 😎 HP[-14]
You now have 29 max hp (-14).
Unknown command.
Unknown command.
Unknown command.
Unknown command.
You start waiting.
You feel less confused.
Unknown command.
Unknown command.
Unknown command.
You now have 149 gold pieces (gained 16).
d - 103 stones {throwing} (gained 23);
e - a wand of charming (1)
You see here a hobgoblin corpse.
s - a scroll labelled SAOMUG MERY
t - a scroll labelled LEX ANWUCHOULU You feel yourself speed up.
A worm comes into view.
A worm is nearby!
An adder comes into view.
The adder hisses angrily.
An endoplasm comes into view.
The adder bites you. 😕 HP[-4]
You take 4 damage, and now have 25/29 hp.
You are too injured to fight recklessly!
You are too injured to fight recklessly!
You are too injured to fight recklessly!
You are too injured to fight recklessly!
You are too injured to fight recklessly!
You are too injured to fight recklessly!
You are too injured to fight recklessly!
You are too injured to fight recklessly!
You are too injured to fight recklessly!
You are too injured to fight recklessly!
You are too injured to fight recklessly!
You are too injured to fight recklessly!
You are too injured to fight recklessly!
You are too injured to fight recklessly!
You are too injured to fight recklessly!
Unknown command.
Unknown command.
You're still recovering from your berserk rage.
Unknown command.
The endoplasm quivers.
You hit the adder. The adder closely misses you.
You miss the adder. Your punch misses the adder. The adder barely misses you.
The worm bites you. 😕 HP[-2]
You take 2 damage, and now have 23/29 hp.
You miss the adder. The adder misses you. The adder barely misses you.
You closely miss the adder. The adder misses you. The worm bites you! 😮 HP[-6]
You take 6 damage, and now have 17/29 hp.
MASSIVE DAMAGE!! (PAUSE) Unknown command.
You hit the adder. The endoplasm freezes you.
You are frozen.
* * * LOW HITPOINT WARNING * * *
The adder closely misses you. 😨 HP[-5]
You take 5 damage, and now have 12/29 hp.
You closely miss the adder.
You recover from your berserk rage.
The adder bites you.
* * * LOW HITPOINT WARNING * * *
The endoplasm barely misses you. The worm bites you!
* * * LOW HITPOINT WARNING * * *
😱 HP[-10]
You take 10 damage, and now have 2/29 hp.
MASSIVE DAMAGE!! (PAUSE) Unknown command.
It was a potion of might.
You feel very mighty all of a sudden. The adder bites you.
* * * LOW HITPOINT WARNING * * *
The endoplasm hits you.
You die...

Skill      XL: |  1 |
---------------+----+-----
Unarmed Combat | 3 |  3.8
Fighting       | |  3.8
Armour         | |  1.7
Dodging        | |  1.7

Action                   || total
-------------------------++-------
Melee: Unarmed           ||   132
       Punch             ||     4
Invok: Berserk           ||     2
  Use: Potion            ||     2
Armor: Animal skin       ||    24
Dodge: Dodged            ||    64

Levels and vault maps discovered:
D:1:      roderic_chinese_lattice_arrival, layout_basic,
          dilly_ecumenical_altar_fadedgnrine, minmay_ruptured
D:2:      layout_loops_ring, serial_bayou_pond_d
D:3:      layout_rooms, kennysheep_generic_room_12

Notes
Turn   | Place    | Note
-------+----------+-------------------------------------------
     0 | D:1      | spaghetti the Demonspawn Berserker began the quest for the
                  | Orb.
     0 | D:1      | Reached XP level 1. HP: 18/18 MP: 1/1
     0 | D:1      | magus.rc [v1.9.6]
   553 | D:1      | Reached skill level 3 in Unarmed Combat
   553 | D:1      | You feel monstrous as your demonic heritage exerts itself.
   553 | D:1      | Discovered your monstrous ancestry.
   553 | D:1      | Gained mutation: You have a pair of small antennae on your
                  | head. [demonic ancestry]
   553 | D:1      | Reached XP level 2. HP: 24/24 MP: 2/2
  1336 | D:1      | Found a faded altar of an unknown god.
  1680 | D:2      | Reached XP level 3. HP: 18/29 MP: 3/3
  3048 | D:3      | HP: 2/29 [worm (8)]
  3049 | D:3      | Slain by an endoplasm

Vanquished Creatures
  2 adders
  2 worms (D:2)
  A dart slug (D:2)
  An orc (D:3)
  3 endoplasms
  A giant cockroach (D:1)
  3 goblins (D:1)
  6 hobgoblins
  A quokka (D:1)
  A ball python (D:3)
  3 bats
  2 frilled lizards (D:2)
  4 kobolds
  4 rats
34 creatures vanquished.

Table legend:
 A = Non-vault XP
 B = Vault XP
 C = Vault XP percentage of total XP
 D = Non-vault monster count
 E = Vault monster count
 F = Vault count percentage of total count
                 A         B        C        D         E       F
            +---------+---------+-------+---------+---------+-------
      Total |      88 |       2 |   2.2 |      33 |       1 |   2.9
            +---------+---------+-------+---------+---------+-------
        D:1 |      24 |       2 |   7.7 |      14 |       1 |   6.7
        D:2 |      41 |       0 |   0.0 |      12 |       0 |   0.0
        D:3 |      23 |       0 |   0.0 |       7 |       0 |   0.0
            +---------+---------+-------+---------+---------+-------

Illustrated notes

Table legend:
 A = Kills in this place as a percentage of kills in entire the game.
 B = Kills by you in this place as a percentage of kills by you in the entire game.
 C = Kills by friends in this place as a percentage of kills by friends in the entire game.
 D = Other kills in this place as a percentage of other kills in the entire game.
 E = Experience gained in this place as a percentage of experience gained in the entire game.
 F = Experience gained in this place divided by the number of levels of this place that you have seen.
                   A       B       C       D       E      F
               +-------+-------+-------+-------+-------+----------------------
         Total | 100.0 | 100.0 |   N/A |   N/A | 100.0 |  30.0
       Dungeon | 100.0 | 100.0 |   N/A |   N/A | 100.0 |  30.0
               +-------+-------+-------+-------+-------+----------------------

Table legend: (Time is in decaauts)
 A = Elapsed time spent in this place.
 B = Non-inter-level travel time spent in this place.
 C = Inter-level travel time spent in this place.
 D = Time resting spent in this place.
 E = Time spent auto-exploring this place.
 F = Levels seen in this place.
 G = Mean time per level.
                   A        B        C        D        E       F      G
               +--------+--------+--------+--------+--------+-----+--------+
         Total |   3059 |   2990 |     69 |     52 |   2650 |   3 | 1019.7 |
       Dungeon |   3059 |   2990 |     69 |     52 |   2650 |   3 | 1019.7 |
               +--------+--------+--------+--------+--------+-----+--------+

Top non-repeatable levels by time:
     D:1: 1422 daAuts
     D:2: 1347 daAuts
     D:3: 289 daAuts
